 Dungeon Crawl Stone Soup version 0.25.1-2-g60ff931df9 (webtiles) character file.

Game seed: 4817800496174233981

13129 Joresh the Blocker (level 11, 0/95 HPs)
             Began as a Minotaur Fighter on Aug 23, 2020.
             Was a Priest of Makhleb.
             Slain by an eight-headed hydra (3 damage)
             ... on level 1 of the Lair of Beasts.
             The game lasted 01:20:52 (10602 turns).

Joresh the Blocker (Minotaur Fighter)              Turns: 10602, Time: 01:20:53

Health: 0/95       AC: 20    Str: 35    XL:     11   Next: 71%
Magic:  13/13      EV:  9    Int: 13    God:    Makhleb [***...]
Gold:   511        SH: 14    Dex: 11    Spells: 6/12 levels left

rFire    . . .     SeeInvis .   y - +3 mace (protect)
rCold    . . .     Gourm    .   c - +0 kite shield
rNeg     . . .     Faith    .   J - +0 scale mail of Duhiazal {*Drain rPois Str+6 Int+2}
rPois    +         Spirit   .   j - +2 hat
rElec    .         Reflect  .   F - scarf {+Inv}
rCorr    .         Harm     .   C - +0 pair of gloves
MR       .....                  H - +1 pair of boots
Stlth    ..........             K - amulet of regeneration
HPRegen  0.65/turn              U - +6 ring of intelligence
MPRegen  0.13/turn              Z - +6 ring of strength

@: protection aura
A: retaliatory headbutt, horns 2
a: Minor Destruction, Lesser Servant of Makhleb, Renounce Religion, Evoke
Invisibility


You were on level 1 of the Lair of Beasts.
You worshipped Makhleb.
Makhleb was most pleased with you.
You were not hungry.

You visited 3 branches of the dungeon, and saw 11 of its levels.
You also visited: Sewer.

You collected 511 gold pieces.

Inventory:

Hand Weapons
 a - a +0 trident
 p - a +0 shortbow
 x - a +2 dagger of flaming
 y - a +3 mace of protection (weapon)
 Y - a +2 whip of holy wrath
Missiles
 q - 58 arrows
 M - 2 boomerangs of dispersal (quivered)
 Q - 32 poisoned darts
Armour
 c - a +0 kite shield (worn)
 j - a +2 hat (worn)
 l - a +1 chain mail of fire resistance
 C - a +0 pair of gloves (worn)
 E - the cursed +1 robe of Virtue {Stlth+, unknown}
   (You found it in a sewer)

   It makes you more stealthy.
   It has a curse placed upon it.
 F - a scarf of invisibility (worn)
 H - a +1 pair of boots (worn)
 I - the -4 pair of gloves of Meleta {-Tele +Fly rElec rF+}
   (You found it on level 4 of the Dungeon)

   It protects you from fire.
   It insulates you from electricity.
   It lets you fly.
   It prevents most forms of teleportation.
 J - the +0 scale mail of Duhiazal (worn) {*Drain rPois Str+6 Int+2}
   (You found it on level 4 of the Dungeon)

   It affects your strength (+6).
   It affects your intelligence (+2).
   It protects you from poison.
   It causes draining when unequipped.
 L - a +0 plate armour
Magical Staves
 A - an uncursed staff of energy
Jewellery
 u - an uncursed amulet of reflection
 K - an amulet of regeneration (around neck)
 U - a +6 ring of intelligence (left hand)
 Z - a +6 ring of strength (right hand)
Wands
 V - a wand of polymorph (8)
 X - a wand of paralysis (11)
Scrolls
 e - 11 scrolls of identify
 h - 4 scrolls of teleportation
 k - 4 scrolls of remove curse
 n - a scroll of noise {unknown}
 o - 3 scrolls of magic mapping
 t - a scroll of fear
 B - a scroll of enchant weapon
 O - a scroll of amnesia
Potions
 b - a potion of invisibility {unknown}
 d - 2 potions of might
 g - a potion of haste
 i - 5 potions of brilliance {unknown}
 m - a potion of heal wounds
 r - 3 potions of magic {unknown}
 s - 2 potions of cancellation {unknown}
 v - 7 potions of flight {unknown}
 w - 7 potions of curing
 z - a potion of mutation {unknown}
 D - 3 potions of stabbing {unknown}
 G - a potion of degeneration {unknown}
 R - 2 potions of lignification {unknown}
 T - a potion of resistance {unknown}
Miscellaneous
 P - a tin of tremorstones (3/3)
Comestibles
 f - 20 rations


   Skills:
 + Level 8.6 Fighting
 * Level 10.5 Maces & Flails
 - Level 10.6 Polearms
 - Level 8.0 Armour
 - Level 0.1 Dodging
 + Level 11.4 Shields
 + Level 1.0 Spellcasting
 + Level 1.6 Conjurations
 + Level 1.7 Earth Magic
 * Level 5.1 Invocations
 + Level 0.2 Evocations


You had 6 spell levels left.
You knew the following spells:

 Your Spells              Type           Power        Failure   Level  Hunger
a - Iron Shot             Conj/Erth      #.........   100%        6    #######

Your spell library contained the following spells:

 Spells                   Type           Power        Failure   Level  Hunger
 Bolt of Magma            Conj/Fire/Erth #.........   100%        5    ######.
 Iskenderun's Battlesphe  Conj/Chrm      #.......     100%        5    ######.
 Orb of Destruction       Conj           #.........   100%        7    #######
 Spellforged Servitor     Conj/Summ      #.........   100%        7    #######


Dungeon Overview and Level Annotations

Branches:
Dungeon (8/15)             Temple (1/1) D:5            Lair (2/6) D:8
  Swamp (0/4) Lair:2        Sewer (visited)
  Snake: Lair:2-4    Spider: Lair:2-4

Altars:
Ashenzari
Cheibriados
Dithmenos
Elyvilon
Fedhas
Gozag
Hepliaklqana
Kikubaaqudgha
Makhleb
Nemelex Xobeh
Okawaru
Qazlal
Ru
Sif Muna
Trog
Uskayaw
Vehumet
Wu Jian
Xom
Yredelemnul
Zin
The Shining One

Annotations:
D:6 1 runed translucent door, Elkerch's ghost, novice CeAM


Innate Abilities, Weirdness & Mutations

You reflexively headbutt those who attack you in melee.
You have a pair of horns on your head.


Message History

You feel much better. The eight-headed hydra bites you.
The eight-headed hydra bites you!
* * * LOW HITPOINT WARNING * * *
The eight-headed hydra closely misses you.
The eight-headed hydra bites you but does no damage.
The eight-headed hydra bites you!
* * * LOW HITPOINT WARNING * * *
The eight-headed hydra bites you but does no damage. x2
The eight-headed hydra completely misses you.
You hit the eight-headed hydra. You headbutt the eight-headed hydra!!
The eight-headed hydra is heavily wounded.
You block the eight-headed hydra's attack.
The eight-headed hydra barely misses you.
You block the eight-headed hydra's attack.
The eight-headed hydra barely misses you.
The eight-headed hydra bites you but does no damage.
The eight-headed hydra bites you.
* * * LOW HITPOINT WARNING * * *
The eight-headed hydra bites you.
You die...

........# #....##.≈≈.##
####.#..# ###..##≈≈≈..# P#
###..# ##..##≈≈#.## ## ##..#
#.###≈##..# # #P..#######
##.###≈##.## ## ##..#.....#
#....####.## .##
#...#.....#######.#.......#
..####..#.....##..###.###.#####
........#.....#.@D....# ###
#.......#.....##.#.####
.##..####.....###### ####.##
#.....# # ##..#####.###
###..###....# P.##.P###..##
..##..# #†## ≈≈##.####.##


You could see an eight-headed hydra.

Vanquished Creatures
  6 elephants (Lair:2)
  A black mamba (Lair:1)
  A rime drake (Lair:1)
  2 spiny frogs
  3 komodo dragons
  A queen bee (Lair:1)
  5 blink frogs (Lair:1)
  A hippogriff (Lair:1)
  6 yaks (Lair:1)
  2 basilisks (Lair:2)
  4 vampire mosquitoes
  Duvessa (D:4)
  6 porcupines
  7 water moccasins
  4 orc warriors
  An ice beast (D:7)
  A sky beast (D:8)
  A black bear (D:7)
  3 phantoms
  6 ogres
  3 centaurs
  3 crocodiles (Lair:2)
  3 big kobolds
  5 bullfrogs
  Blork the orc (D:6)
  Dowan (D:4)
  2 scorpions
  23 killer bees (Lair:1)
  3 howler monkeys (D:7)
  3 crimson imps
  2 centaur zombies (D:6)
  5 hounds
  2 bullfrog zombies
  3 orc priests
  2 iguanas
  4 worker ants
  6 orc wizards
  2 hound skeletons (D:7)
  Robin (D:3)
  A howler monkey zombie (D:6)
  A worker ant zombie (D:6)
  10 adders
  4 shadow imps
  An ooze (D:2)
  2 worms (D:2)
  5 dart slugs
  4 leopard geckos
  24 orcs
  13 giant cockroaches
  8 goblins (D:3)
  13 hobgoblins
  19 jackals
  33 kobolds
  4 quokkas
  6 ball pythons
  13 bats
  6 frilled lizards
  8 rats
311 creatures vanquished.

Vanquished Creatures (others)
  2 fungi
  2 plants (Lair:1)
4 creatures vanquished.

Grand Total: 315 creatures vanquished

Notes
Turn   | Place    | Note
-------+----------+-------------------------------------------
     0 | D:1      | Joresh the Minotaur Fighter began the quest for the Orb.
     0 | D:1      | Reached XP level 1. HP: 19/19 MP: 0/0
   108 | D:1      | You fall into a shaft and drop 1 floor!
   108 | D:2      | Found a blossoming altar of Fedhas.
   108 | D:2      | Found a shimmering blue altar of Sif Muna.
   108 | D:2      | Found a stormy altar of Qazlal.
   108 | D:2      | Found an ancient bone altar of Kikubaaqudgha.
   115 | D:2      | Found a shattered altar of Ashenzari.
   115 | D:2      | Found a white marble altar of Elyvilon.
   203 | D:2      | Reached XP level 2. HP: 27/27 MP: 1/1
   240 | D:2      | Reached skill level 4 in Shields
   242 | D:2      | Reached XP level 3. HP: 33/33 MP: 2/2
  1174 | D:2      | Reached XP level 4. HP: 40/40 MP: 3/3
  1950 | D:3      | Noticed a centaur
  1954 | D:3      | Killed a centaur
  1954 | D:3      | Reached XP level 5. HP: 47/47 MP: 4/4
  2200 | D:3      | Found a sacrificial altar of Ru.
  2380 | D:3      | Reached skill level 5 in Armour
  2725 | D:3      | Noticed Robin
  2730 | D:3      | Reached skill level 5 in Polearms
  2742 | D:3      | Killed Robin
  2742 | D:3      | Reached XP level 6. HP: 41/53 MP: 5/5
  2993 | D:3      | Reached skill level 5 in Shields
  3217 | D:4      | Reached skill level 5 in Fighting
  3217 | D:4      | Reached XP level 7. HP: 32/61 MP: 6/6
  3246 | D:4      | Found a shadowy altar of Dithmenos.
  3284 | D:4      | Noticed Dowan
  3284 | D:4      | Noticed Duvessa
  3317 | D:4      | Found a glowing drain.
  3327 | Sewer    | Entered a sewer
  3577 | Sewer    | Reached skill level 6 in Shields
  3764 | Sewer    | Got a fabulously ornate robe
  3840 | D:4      | Killed Duvessa
  3842 | D:4      | Killed Dowan
  4017 | D:4      | Reached XP level 8. HP: 23/68 MP: 7/7
  4138 | D:4      | Got a pair of scorched gloves
  4159 | D:4      | Got a jewelled scale mail
  4315 | D:4      | You fall into a shaft and drop 2 floors!
  4331 | D:5      | Entered Level 5 of the Dungeon
  4335 | D:5      | Reached skill level 7 in Shields
  4774 | D:5      | Identified the cursed -4 pair of gloves of Meleta {-Tele
                  | +Fly rElec rF+} (You found it on level 4 of the Dungeon)
  4795 | D:5      | Identified the cursed +0 scale mail of Duhiazal {*Drain
                  | rPois Str+6 Int+2} (You found it on level 4 of the Dungeon)
  4812 | D:5      | Found a staircase to the Ecumenical Temple.
  4820 | Temple   | Entered the Ecumenical Temple
  4993 | D:5      | Found a hazy altar of Hepliaklqana.
  4995 | D:5      | Found a shimmering altar of Xom.
  4996 | D:5      | Noticed a spectral ugly thing
  5151 | D:6      | Noticed Blork the orc
  5161 | D:6      | Killed Blork the orc
  5199 | D:6      | Found a runed translucent door.
  5199 | D:6      | Noticed Elkerch's ghost (novice CeAM)
  5414 | D:6      | Found an iron altar of Okawaru.
  5415 | D:6      | Found a basalt altar of Yredelemnul.
  5661 | Temple   | Became a worshipper of Makhleb the Destroyer
  6079 | D:6      | Reached skill level 8 in Shields
  6444 | D:6      | Reached XP level 9. HP: 71/75 MP: 8/8
  6777 | D:6      | Found an ornate altar of the Wu Jian Council.
  6942 | D:7      | Reached * piety under Makhleb
  6994 | D:7      | Reached skill level 1 in Invocations
  7052 | D:7      | Reached skill level 10 in Polearms
  7060 | D:7      | Paralysed by a kobold for 3 turns
  7077 | D:7      | Paralysed by a kobold for 6 turns
  7105 | D:7      | Reached skill level 9 in Shields
  7748 | D:8      | Learned a level 6 spell: Iron Shot
  7787 | D:8      | Reached skill level 1 in Maces & Flails
  7892 | D:8      | Reached skill level 1 in Earth Magic
  7904 | D:8      | Reached ** piety under Makhleb
  8189 | D:8      | Found a staircase to the Lair.
  8197 | D:8      | Reached skill level 1 in Conjurations
  8197 | D:8      | Reached XP level 10. HP: 75/86 MP: 10/10
  8307 | Lair:1   | Entered Level 1 of the Lair of Beasts
  8416 | Lair:1   | Reached skill level 5 in Maces & Flails
  8416 | Lair:1   | Reached skill level 1 in Spellcasting
  8467 | Lair:1   | Noticed a black mamba
  8478 | Lair:1   | Killed a black mamba
  8503 | Lair:1   | Noticed a spiny frog
  8509 | Lair:1   | Killed a spiny frog
  8605 | Lair:1   | Reached skill level 10 in Shields
  8879 | Lair:1   | Reached XP level 11. HP: 67/94 MP: 11/13
  8901 | Lair:1   | Reached *** piety under Makhleb
 10096 | Lair:2   | Reached skill level 11 in Shields
 10121 | Lair:2   | Reached skill level 10 in Maces & Flails
 10200 | Lair:2   | Found a staircase to the Swamp.
 10451 | Lair:2   | Reached skill level 5 in Invocations
 10542 | Lair:2   | Noticed an eight-headed hydra
 10602 | Lair:1   | HP: 3/95 [eight-headed hydra (6)]
 10602 | Lair:1   | Slain by an eight-headed hydra

Illustrated notes

Levels and vault maps discovered:
D:1:      minmay_arrival_up_and_down, layout_basic
D:2:      layout_loops_corners, minmay_overflow_temple_hex, first_ration,
          kennysheep_generic_room_6
D:3:      layout_loops_corners, nicolae_ru_path_of_blood, uniq_robin
D:4:      layout_cave_pools, kennysheep_mini_moat, gup_sewer_entry_pipe,
          enter_ossuary_2, hangedman_decor_growths, uniq_duvessa
D:5:      layout_rooms, regret_index_temple_of_mockery,
          minmay_temple_entry_hall, minmay_misc_feat_plants
D:6:      minmay_bubble_buster, layout_loops_ring, marbit_many_paths,
          grunt_temple_overflow_open, gammafunk_ghost_grave,
          kennysheep_generic_room_15, uniq_blork_the_orc
D:7:      layout_cave_pools
D:8:      layout_rooms, grunt_lair_entry_orc_guard_hut,
          chequers_serial_rivers_small_a
Temple:   grunt_temple_mini_profane
Lair:1:   layout_loops_ring, special_room [special_room_bee], serial_rivers,
          chequers_serial_rivers_micro_d, chequers_serial_rivers_small_3,
          chequers_serial_rivers_room_a, chequers_serial_rivers_marsh,
          chequers_serial_rivers_micro_b, chequers_serial_rivers_micro_e,
          serial_bayou_pond_b
Lair:2:   layout_gridlike, minmay_swamp_entry_swarm, grunt_megastairs_1

Skill      XL: |  1  2  3  4  5  6  7  8  9 10 11 |
---------------+----------------------------------+-----
Armour         | 4 5 6 7 8 |  8.0
Fighting       | 4 5 7 8 |  8.6
Shields        | 4 5 6 8 9 10 11 | 11.4
Polearms       | 3 4 5 6 7 9 10 | 10.6
Invocations    | 2 4 5 |  5.1
Maces & Flails | 2 8 10 | 10.5
Earth Magic    | 1 |  1.7
Conjurations   | 1 |  1.6
Spellcasting   | 1 |  1.0
Dodging        | |  0.1
Evocations     | |  0.2

Action                   |  1- 3 |  4- 6 |  7- 9 | 10-12 || total
-------------------------+-------+-------+-------+-------++-------
Melee: Trident           |   108 |   190 |   426 |       ||   724
       Headbutt          |    14 |    29 |    93 |    99 ||   235
       Mace              |       |       |    70 |   352 ||   422
 Abil: Evoke Flight      |       |       |       |     1 ||     1
  Use: Scroll            |       |     1 |    14 |     2 ||    17
       Potion            |       |       |     3 |     4 ||     7
  Eat: Chunk             |     1 |     6 |    17 |     6 ||    30
       Ration            |       |       |       |     1 ||     1
Armor: Scale mail        |    33 |    62 |   121 |   216 ||   432
Dodge: Dodged            |    28 |    36 |    99 |   157 ||   320
Block: Kite shield       |    43 |   110 |   285 |   314 ||   752
       Reflection        |       |     2 |     8 |       ||    10
